 Dungeon Crawl Stone Soup version 0.17-a0-2171-ga91b4ec (webtiles) character file.

24 M4edhros the Charlatan (level 3, 0/23 HPs)
             Began as an Octopode Artificer on Oct 25, 2015.
             Succumbed to an adder's poison
             ... on level 2 of the Dungeon.
             The game lasted 00:00:41 (328 turns).

M4edhros the Charlatan (Octopode Artificer)          Turns: 328, Time: 00:00:41

Health: 0/23       AC:  1    Str: 10    XL:     3   Next: 2%
Magic:  4/6        EV: 12    Int: 14    God:
Gold:   8          SH:  0    Dex: 13    Spells: 0 memorised, 2 levels left

rFire  . . .     SeeInvis .     l - +0 spear (pierce)
rCold  + . .     Clarity  .     (no shield)
rNeg   . . .     SustAt   .     (helmet restricted)
rPois  .         Gourm    .     (no amulet)
rElec  .         Spirit   .     j - ring of protection from cold
rCorr  .         Warding  .     (no ring)
rMut   .         Stasis   .     (no ring)
MR     .....                    (no ring)
Stlth  +++.......               (no ring)
                                (no ring)
                                (no ring)
                                (no ring)

@: lethally poisoned (0 -> -11), very slightly contaminated, hasted, very quick,
not resistant to hostile enchantments, fairly stealthy
A: almost no armour, amphibious, 8 rings, constrict 8, camouflage 1, gelatinous
body 1
a: no special abilities


You were on level 2 of the Dungeon.
You were not hungry.

You visited 1 branch of the dungeon, and saw 2 of its levels.

You collected 8 gold pieces.

Inventory:

Hand Weapons
 a - a +0 short sword
 l - a +0 spear of piercing (weapon)
Jewellery
 j - a ring of protection from cold (left tentacle)
Wands
 b - a wand of flame (14)
 c - a wand of enslavement (15)
 d - a wand of random effects (15)
Scrolls
 f - a scroll of recharging {unknown}
 i - a scroll of identify {unknown}
 k - a scroll of teleportation {unknown}
Potions
 h - a potion of haste
Books
 m - a book of Changes

   Spells                             Type                      Level
   a - Beastly Appendage              Transmutation                1
   b - Sticks to Snakes               Transmutation                2
   c - Spider Form                    Transmutation/Poison         3
   d - Ice Form                       Ice/Transmutation            4
   e - Blade Hands                    Transmutation                5
Comestibles
 e - a bread ration
 g - a meat ration


   Skills:
 - Level 1.0 Fighting
 - Level 1.0 Short Blades
 - Level 2.0 Dodging
 + Level 2.7 Stealth
 + Level 4.1 Evocations


You had 2 spell levels left.
You didn't know any spells.

Dungeon Overview and Level Annotations

Branches:
Dungeon (2/15)

Altars:
Ashenzari


Innate Abilities, Weirdness & Mutations

You cannot wear most types of armour.
You are amphibious.
You can wear up to eight rings at the same time.
You can use your tentacles to constrict eight enemies at once.
Your skin changes colour to match your surroundings (Stealth).
Your rubbery body absorbs attacks (AC +1).


Message History

Zapping:
b - a wand of flame (15)
Press: ? - help, Shift-Dir - straight line, f - adder
Aim: an adder (almost dead, constricted by you)
The puff of flame hits the adder.
You kill the adder!
Your Evocations skill increases to level 4!
You have reached level 3!
Your experience leads to an increase in your attributes!
Increase (S)trength, (I)ntelligence, or (D)exterity?
You feel agile.
This wand has 14 charges left.
* * * LOW HITPOINT WARNING * * *
You feel sick.
* * * LOW HITPOINT WARNING * * *
You feel sick.
* * * LOW HITPOINT WARNING * * *
You feel sick.
* * * LOW HITPOINT WARNING * * *
You feel sick.
You die...

#.....# ...... .
..... .. #... ..
###.. .# #...##..#
#####.#....#
#......@.#
##########........#
...#..............#
.....#####........#
...### #........#
...# #†......<#
...# #....#.####
..... ....##.#
...... .....# .#


There were no monsters in sight!

Vanquished Creatures
  An adder (D:2)
  2 ball pythons
  2 hobgoblins
  2 kobolds (D:1)
  A bat (D:1)
  A giant gecko (D:1)
  A giant newt (D:1)
  4 goblins
  2 rats
16 creatures vanquished.

Notes
Turn   | Place    | Note
--------------------------------------------------------------
     0 | D:1      | M4edhros the Octopode Artificer began the quest for the Orb.
     0 | D:1      | Reached XP level 1. HP: 13/13 MP: 3/3
    90 | D:1      | Reached XP level 2. HP: 9/18 MP: 4/4
   234 | D:2      | Found a shattered altar of Ashenzari.
   322 | D:2      | Reached skill level 4 in Evocations
   322 | D:2      | Reached XP level 3. HP: 5/23 MP: 4/6
   327 | D:2      | HP: 1/23 [poisoned by an adder]
   328 | D:2      | Succumbed to an adder's poison

Vault maps used:
D:1:      minmay_arrival_four_houses, minmay_fountain_box
D:2:      ashenzari_conservatory_becter, minmay_misc_feat_five,
          kennysheep_path_1

Action                   || total
-------------------------++-------
Melee: Short sword       ||    23
       Spear             ||     6
Evoke: Wand              ||     1
  Use: Potion            ||     1
 Stab: Sleeping          ||     5
